Map: Ever Dream LE

Players

Cheese

  • Race: Terran Terran
  • League: Gold
  • Spawn Location: 7:00

antagomiR - Winner!

  • Race: Protoss Protoss
  • League: Gold
  • Spawn Location: 1:00

VOD

Have the link to the VOD?

Description

Time

  • Played on: April 7, 2020, 3:55 p.m.
  • Length: 12:13
Show
View Real Time Build Order
Export as new Build Order

Cheese Terran 

Build Orders: Reaper Expand 

Get SALT Encoding   

  12  0:01  SCV  
  13  0:13  SCV  
  14  0:18  Supply Depot  
  14  0:25  SCV  
  15  0:40  SCV  
  15  0:42  Barracks  
  16  0:46  Refinery  
  16  0:52  SCV  
  18  1:04  SCV  
  18  1:16  SCV  
  19  1:29  Orbital Command  
  19  1:30  Reaper  
  20  1:45  Command Center  
  20  1:50  Refinery  
  20  2:06  Factory  
  20  2:13  SCV  
  20  2:15  Marine  
  22  2:20  Supply Depot  
  22  2:26  SCV  
  23  2:34  Barracks Reactor  
  23  2:41  SCV  
  24  2:55  Bunker, Starport, Factory Tech Lab  
  24  3:02  SCV  
  24  3:03  SCV  
  26  3:18  Orbital Command  
  26  3:19  SCV  
  27  3:21  Marine x2  
  29  3:31  SCV  
  29  3:33  Starport Reactor, Siege Tank  
  33  3:38  Barracks  
  33  3:43  SCV  
  33  3:45  SCV  
  35  3:50  Refinery  
  35  3:59  SCV x2  
  35  4:00  Marine  
  35  4:01  Marine  
  39  4:11  SCV, Supply Depot  
  39  4:13  Medivac x2  
  44  4:20  SCV  
  44  4:22  Refinery  
  44  4:24  SCV  
  46  4:33  SCV, Supply Depot  
  46  4:34  Barracks Tech Lab  
  46  4:36  SCV  
  46  4:38  Siege Tank  
  51  4:45  SCV  
  52  4:48  SCV  
  53  4:54  Command Center  
  53  4:57  SCV  
  53  4:58  Stimpack  
  54  5:00  SCV, Marine  
  54  5:02  Marine  
  54  5:03  Marine  
  58  5:16  Supply Depot  
  58  5:17  Supply Depot  
  58  5:18  SCV  
  58  5:19  SCV  
  58  5:21  Marine x2  
  62  5:38  SCV x2, Medivac x2, Marine  
  62  5:41  Barracks  
  69  5:48  Engineering Bay  
  69  5:50  Engineering Bay  
  69  5:53  Marine  
  69  5:54  Marine  
  69  5:56  Marine  
  72  5:58  Supply Depot  
  72  6:05  SCV  
  72  6:06  SCV  
  72  6:08  Orbital Command  
  74  6:18  SCV  
  75  6:20  SCV  
  75  6:21  Siege Tank  
  75  6:22  Viking  
  75  6:24  Viking  
  82  6:28  Terran Infantry Weapons Level 1, Terran Infantry Armor Level 1  
  82  6:30  SCV, Barracks Tech Lab  
  82  6:31  Orbital Command  
  83  6:33  Barracks  
  83  6:37  Combat Shield  
  83  6:45  SCV x2  
  85  6:49  Marine  
  85  6:50  Marauder, Marine  
  89  6:56  Armory  
  89  6:58  SCV x3  
  89  7:00  Medivac x2  
  96  7:04  Concussive Shells  
  96  7:07  Marauder  
  98  7:10  SCV x3  
  98  7:15  Refinery  
  101  7:18  Supply Depot  
  101  7:20  Supply Depot  
  101  7:21  Supply Depot  
  103  7:22  Marauder  
  103  7:23  SCV x3  
  103  7:26  Barracks Reactor  
  103  7:29  Marauder  
  108  7:35  SCV  
  109  7:40  SCV, Command Center  
  109  7:43  Siege Tank  
  109  7:44  Marauder  
  115  7:48  SCV x2, Refinery  
  117  7:52  SCV, Terran Vehicle Weapons Level 1  
  117  7:53  Viking  
  117  7:54  Viking  
  122  8:00  SCV  
  122  8:03  SCV  
  122  8:04  SCV  
  125  8:12  Marauder, Marine x2  
  129  8:13  Marauder, Marine x2  
  133  8:21  Barracks  
  133  8:23  Starport, Barracks  
  133  8:30  Supply Depot x2  
  133  8:32  Terran Infantry Weapons Level 2  
  133  8:34  Supply Depot, Terran Infantry Armor Level 2  
  133  8:40  Medivac, Marine  
  133  8:52  SCV x2, Medivac  
  133  8:54  SCV  
  139  8:58  Marine x2  
  139  8:59  Supply Depot, Marauder, Marine x3  
  145  9:04  SCV  
  145  9:07  Starport Reactor  
  146  9:11  Liberator  
  146  9:13  Barracks Reactor x2, Fusion Core  
  149  9:20  Supply Depot  
  149  9:21  Liberator  
  149  9:23  Marauder, Marine x3  
  159  9:24  Marauder  
  159  9:45  Supply Depot, Planetary Fortress  
  159  9:46  Terran Vehicle And Ship Armor Level 1  
  159  9:47  SCV x3  
  159  9:51  Marauder, Marine x3  
  159  9:52  Marine x4  
  173  9:53  Marauder, Liberator  
  173  9:54  Liberator  
  173  9:59  SCV x2  
  182  10:00  SCV, Supply Depot  
  182  10:04  Medivac  
  182  10:05  Advanced Ballistics  
  184  10:10  Marine x3  
  184  10:11  Marine x5  
  184  10:13  Missile Turret, Marauder  
  196  10:14  Marauder  
  196  10:20  Liberator  
  190  10:28  Marine x2  
  180  10:34  Marauder  
  184  10:35  Marauder  
  183  10:53  Marine x6  
  183  10:54  Marine x2  
  183  10:56  Marauder  
  195  10:57  Marauder  
  195  11:02  SCV x4  
  199  11:06  Refinery  
  199  11:09  Refinery  
  195  11:14  SCV x4  
  199  11:18  Marine  
  200  11:33  Command Center  
  200  11:35  Command Center  
Show
View Real Time Build Order
Export as new Build Order

antagomiR Protoss - Winner!

Build Orders:  

Get SALT Encoding   

  12  0:01  Probe  
  13  0:13  Probe  
  14  0:25  Pylon  
  14  0:28  Probe  
  15  0:43  Probe  
  15  0:47  Gateway  
  16  0:55  Probe  
  17  1:05  Assimilator  
  17  1:07  Probe  
  18  1:19  Probe  
  19  1:31  Probe  
  20  1:38  Cybernetics Core  
  20  1:43  Pylon  
  20  1:51  Nexus  
  20  2:01  Probe  
  21  2:11  Zealot (Chrono Boost)  
  23  2:24  Cybernetics Core  
  23  2:25  Assimilator  
  20  3:01  Warp Gate (Chrono Boost)  
  20  3:15  Stalker (Chrono Boost)  
  22  3:20  Probe  
  22  3:21  Probe  
  24  3:32  Gateway x2  
  24  3:33  Probe  
  25  3:35  Probe  
  26  3:42  Pylon  
  26  3:43  Sentry  
  26  3:45  Probe  
  26  3:47  Probe  
  30  3:57  Probe  
  30  3:59  Probe  
  30  4:01  Robotics Facility  
  32  4:09  Probe  
  33  4:15  Probe  
  34  4:19  Stalker  
  34  4:21  Probe  
  37  4:27  Probe  
  38  4:33  Probe  
  39  4:39  Probe  
  39  4:41  Pylon  
  39  4:45  Probe  
  41  4:49  Robotics Bay  
  41  4:51  Probe, Pylon  
  41  4:52  Observer  
  43  4:57  Probe, Assimilator  
  43  4:59  Stalker  
  46  5:02  Zealot  
  46  5:03  Probe  
  49  5:10  Probe  
  50  5:15  Probe  
  52  5:21  Observer  
  52  5:22  Probe  
  53  5:30  Probe, Extended Thermal Lance (Chrono Boost)  
  53  5:34  Probe  
  55  5:41  Forge  
  55  5:43  Probe  
  56  6:01  Probe x2  
  58  6:11  Sentry  
  60  6:13  Probe  
  60  6:14  Probe  
  62  6:23  Sentry x2  
  66  6:26  Probe, Protoss Ground Weapons Level 1 (Chrono Boost)  
  67  6:35  Pylon, Assimilator  
  67  6:36  Pylon  
  67  6:56  Nexus  
  67  6:57  Pylon, Zealot x2  
  67  6:58  Zealot  
  67  7:00  Pylon  
  73  7:04  Probe  
  73  7:05  Probe  
  73  7:07  Colossus  
  81  7:16  Probe  
  81  7:17  Probe  
  81  7:20  Twilight Council  
  81  7:21  Photon Cannon  
  83  7:25  Pylon  
  83  7:26  Pylon  
  83  7:28  Probe  
  84  7:36  Zealot x3  
  90  7:45  Probe x2  
  92  7:53  Gateway  
  92  7:54  Gateway  
  92  7:57  Probe  
  93  7:58  Gateway  
  93  8:00  Shield Battery  
  93  8:01  Shield Battery, Pylon  
  93  8:05  Photon Cannon  
  91  8:06  Shield Battery  
  91  8:14  Stalker x3  
  91  8:16  Colossus (Chrono Boost)  
  103  8:28  Probe x2  
  105  8:40  Probe x2  
  105  8:47  Zealot  
  105  8:48  Charge (Chrono Boost), Zealot x2  
  101  8:53  Probe x2  
  103  8:58  Probe  
  103  9:02  Colossus  
  104  9:05  Probe x2  
  112  9:10  Probe  
  113  9:17  Probe x2  
  113  9:18  Protoss Ground Weapons Level 2 (Chrono Boost)  
  113  9:19  Assimilator  
  113  9:22  Probe, Pylon  
  113  9:24  Assimilator  
  116  9:29  Probe  
  117  9:32  Zealot  
  117  9:33  Zealot x3  
  117  9:34  Zealot x2  
  129  9:55  Robotics Facility  
  129  9:56  Immortal  
  129  9:57  Robotics Facility  
  133  10:04  Zealot x2  
  133  10:05  Zealot x4  
  97  10:30  Zealot x4  
  97  10:31  Stalker x2  
  87  10:36  Immortal  
  66  10:59  Immortal x2  
  66  11:02  Stalker x3  
  66  11:03  Stalker x3  
  84  11:15  Immortal  
  86  11:20  Probe x2  
  86  11:25  Stalker  
  90  11:26  Stalker x5  
  90  11:32  Probe x2  
  102  11:44  Probe  
  103  11:48  Shield Battery  
  91  11:57  Sentry  
  91  11:58  Stalker, Sentry x2  
  91  11:59  Zealot  
Tags
 
League
GoldGold
Matchup
PvT
Replay Pack
20200422
Spawn Locations
Cross Positions
Add a new tag
Caveats
  • Supply blocks, unpowered buildings, or Contaminate may cause inaccurate times.
  • Supply counts are checked every 10 seconds.